[Event "Titled Tuesday Blitz November 08 Early 2022"]
[White "Galchenko, Matvey"]
[Black "Lazavik, Denis"]
[WhiteFideId "24175480"]
[BlackFideId "13515110"]
[WhiteElo "2403"]
[BlackElo "2483"]
[Result "1/2-1/2"]
[Round "08"]
[TimeControl "180+1"]
[Date "2022.11.08"]
[WhiteClock "0:00:11"]
[BlackClock "0:00:14"]

1. c4 Nf6 2. Nf3 e6 3. Nc3 d5 4. e3 Be7 5. b3 O-O 6. Bb2 c5 7. cxd5 exd5 8. d4 Nc6 9. Be2 Ne4 10. dxc5 Bf6 11. Nd4 Qa5 12. Rc1 Nxc5 13. Nxc6 bxc6 14. O-O Ne4 15. Qc2 Nxc3 16. Bxc3 Bxc3 17. Qxc3 Qxa2 18. Qxc6 Be6 19. Qc2 Qxc2 20. Rxc2 Rfb8 21. Rc3 d4 22. exd4 Rxb3 23. Rc5 Rd8 24. Ra5 Rb7 25. Bf3 Rc7 26. d5 Bc8 27. Rfa1 a6 28. h3 Kf8 29. Rb1 Rb7 30. Rc1 Rb5 31. Ra3 Bb7 32. Be2 Rb6 33. Rca1 Rdd6 34. Ra5 g6 35. Bc4 Ke7 36. Kf1 Kd7 37. R1a2 Rb4 38. Rc2 Rdb6 39. Ke2 Kd6 40. Kd3 h5 41. Kc3 Rb1 42. g3 Re1 43. h4 Re5 44. Rd2 Re1 45. Rc2 Rd1 46. Rd2 Rxd2 47. Kxd2 Rb2+ 48. Ke3 Rc2 49. Bxa6 Bxd5 50. Bd3 Rb2 51. Kd4 Be6 52. Ra6+ Ke7 53. Ra7+ Kf6 54. Ke3 Rb3 55. Kd2 Ke5 56. Ra5+ Kd4 57. Ra4+ Ke5 58. Ra5+ Kf6 59. Ra6 Kg7 60. Ra7 Rb2+ 61. Ke3 Rb3 62. Kd2 Bd5 63. Rd7 Be6 64. Ra7 1/2-1/2


[Site "https://www.chess.com"]

[Event "Titled Tuesday Blitz November 08 Early 2022"]
[White "Galperin, Platon"]
[Black "Mouhamad, Joachim"]
[WhiteFideId "14165414"]
[BlackFideId "656410"]
[WhiteElo "2841"]
[BlackElo "2536"]
[Result "1-0"]
[Round "08"]
[TimeControl "180+1"]
[Date "2022.11.09"]
[WhiteClock "0:01:31"]
[BlackClock "0:00:01"]

1. b3 e5 2. Bb2 Nc6 3. Nf3 e4 4. Nd4 Nxd4 5. Bxd4 Nf6 6. e3 d5 7. c4 c5 8. Bxf6 Qxf6 9. Nc3 d4 10. Nxe4 Qg6 11. Ng3 Bd6 12. exd4 cxd4 13. Qf3 Bg4 14. Qe4+ Be6 15. Qxd4 Be7 16. Bd3 Qh6 17. Ne4 O-O 18. Qe3 Qh5 19. O-O Rad8 20. Be2 Qe5 21. Nc3 Qa5 22. d4 Rfe8 23. d5 Bf5 24. Qf3 Bf6 25. Rac1 Bg6 26. Bd3 b6 27. Bxg6 hxg6 28. a4 Qb4 29. Ne4 Bb2 30. Rc2 Bd4 31. h4 a5 32. g3 Re5 33. Kg2 Rde8 34. Ng5 Rf5 35. Qd3 Qc5 36. Ne4 Rxe4 37. Qxe4 1-0


[Site "https://www.chess.com"]

[Event "Titled Tuesday Blitz November 08 Early 2022"]
[White "Gareyev, Timur"]
[Black "Tokhirjonova, Gulrukhbegim"]
[WhiteFideId "14200937"]
[BlackFideId "14203626"]
[WhiteElo "2552"]
[BlackElo "2236"]
[Result "1-0"]
[Round "08"]
[TimeControl "180+1"]
[Date "2022.11.09"]
[WhiteClock "0:00:06"]
[BlackClock "0:00:19"]

1. g4 d5 2. Bg2 c5 3. c4 d4 4. b4 cxb4 5. a3 bxa3 6. Rxa3 e5 7. Rg3 Nc6 8. h4 Bd6 9. Ba3 Nge7 10. Nh3 Be6 11. Bxd6 Qxd6 12. d3 O-O-O 13. Ng5 Bd7 14. Nxf7 Qb4+ 15. Nd2 Rhf8 16. Nxd8 Nxd8 17. O-O Ng6 18. Nf3 Rf4 19. h5 Ne7 20. Nxe5 Be6 21. Qc1 Rf6 22. Qg5 Qd6 23. c5 Qc7 24. Qxg7 Qxe5 25. f4 Qxe2 26. Qxf6 Nec6 27. f5 Bb3 28. Bxc6 Nxc6 29. Qh8+ Kc7 30. Qxh7+ Kc8 31. Qh6 Ne7 32. Qf4 Qb2 33. Qf2 Qc3 34. f6 1-0


[Site "https://www.chess.com"]

[Event "Titled Tuesday Blitz November 08 Early 2022"]
[White "Garic, Radomir"]
[Black "Kuchava, Ana"]
[WhiteFideId "920959"]
[BlackFideId "13605348"]
[WhiteElo "2227"]
[BlackElo "2001"]
[Result "0-1"]
[Round "08"]
[TimeControl "180+1"]
[Date "2022.11.09"]
[WhiteClock "0:01:06"]
[BlackClock "0:00:48"]

1. e4 c5 2. Nf3 d6 3. Bb5+ Bd7 4. Bxd7+ Qxd7 5. O-O Nf6 6. Re1 Nc6 7. c3 e6 8. d4 cxd4 9. cxd4 d5 10. e5 Ne4 11. Nbd2 Nxd2 12. Bxd2 Be7 13. Rc1 O-O 14. Rc3 Rac8 15. h4 Nb4 16. Qb3 a5 17. h5 a4 18. Qd1 Nxa2 19. Rd3 Nb4 20. Bxb4 Bxb4 21. Ree3 Qc6 22. Kh2 Qc2 23. Qa1 Qxf2 24. Qxa4 Be7 25. Qd7 Bh4 26. Nxh4 Qxh4+ 27. Rh3 Qf4+ 28. Rdg3 Qxd4 29. h6 g6 30. Rh5 Rc2 31. Qe7 Qf4 32. Kh3 Rc1 33. Rxg6+ hxg6 34. h7+ Kg7 35. Qxf8+ Kxf8 36. h8=Q+ Ke7 37. Qf6+ Qxf6 38. exf6+ Kxf6 39. Rh4 Rc4 40. Rh8 Rb4 0-1


[Site "https://www.chess.com"]

[Event "Titled Tuesday Blitz November 08 Early 2022"]
[White "Gheorghiu, Calin"]
[Black "Aradhya, Garg"]
[WhiteFideId "1200305"]
[BlackFideId "25006746"]
[WhiteElo "2225"]
[BlackElo "2223"]
[Result "0-1"]
[Round "08"]
[TimeControl "180+1"]
[Date "2022.11.09"]
[WhiteClock "0:01:23"]
[BlackClock "0:02:35"]

1. e4 e5 2. Nf3 Nf6 3. Nxe5 d6 4. Nf3 Nxe4 5. d3 Nf6 6. d4 d5 7. Bd3 Bd6 8. Qe2+ Be6 9. Ng5 Qe7 10. Nxe6 Qxe6 11. Qxe6+ fxe6 12. Nd2 O-O 13. Nf3 c5 14. O-O Nc6 15. dxc5 Bxc5 16. c3 e5 17. Bb5 e4 18. Ne1 Ng4 19. Be3 Bxe3 20. fxe3 Nxe3 21. Rxf8+ Rxf8 22. Rc1 a6 23. Be2 d4 24. cxd4 Nxd4 0-1


[Site "https://www.chess.com"]

[Event "Titled Tuesday Blitz November 08 Early 2022"]
[White "Gholami Orimi, Mahdi"]
[Black "Nouri, Alekhine"]
[WhiteFideId "12558486"]
[BlackFideId "5216184"]
[WhiteElo "2330"]
[BlackElo "2151"]
[Result "1-0"]
[Round "08"]
[TimeControl "180+1"]
[Date "2022.11.08"]
[WhiteClock "0:00:34"]
[BlackClock "0:00:04"]

1. d4 Nf6 2. g3 c5 3. d5 b5 4. e4 Nxe4 5. Bg2 Nd6 6. Nf3 g6 7. O-O Bg7 8. Re1 O-O 9. Nc3 b4 10. Ne4 Nxe4 11. Rxe4 d6 12. Bg5 Bf6 13. Qd2 Nd7 14. Rae1 Re8 15. Rh4 Bb7 16. Bxf6 exf6 17. Rhe4 Rxe4 18. Rxe4 f5 19. Re1 Qf6 20. c4 a5 21. h4 a4 22. b3 axb3 23. axb3 Nf8 24. h5 Ra1 25. h6 Bc8 26. Rxa1 Qxa1+ 27. Kh2 f6 28. Qf4 Qa6 29. g4 Kf7 30. g5 Nd7 31. gxf6 Nxf6 32. Ng5+ Kf8 33. Bf3 Qb6 34. Qc1 Qd8 35. Kg3 Qe7 36. Kg2 Qe5 37. Nh3 Bd7 38. Qd2 Ng8 39. Qg5 Qf6 40. Qf4 Qe5 41. Qc1 Nf6 42. Qd2 Ne4 43. Bxe4 Qxe4+ 44. f3 Qd4 45. Qxd4 cxd4 46. Ng5 Ke7 47. Nxh7 Ba4 48. Ng5 Kf6 49. h7 Kg7 50. Ne6+ Kxh7 51. Nxd4 Bd7 52. f4 Kg7 53. Nc2 Kf6 54. Nxb4 g5 55. Kg3 gxf4+ 56. Kxf4 Ke7 57. Nc2 Kd8 58. Nd4 Kc7 59. Nxf5 Kb6 60. b4 Kc7 61. Kg5 Ba4 62. Kf4 Bb3 63. Ne3 Kd7 64. Ke4 Ba4 65. Kd4 Kc7 66. Kc3 Be8 67. Nf5 Bg6 68. Nd4 Kd7 69. c5 dxc5 70. bxc5 Be4 71. Kc4 Bg2 72. Nb5 Bf1+ 73. Kb4 Bg2 74. c6+ Kc8 75. Kc5 Kd8 76. d6 Bh3 77. Nd4 Kc8 78. Kd5 Kd8 79. Ne6+ 1-0


[Site "https://www.chess.com"]

[Event "Titled Tuesday Blitz November 08 Early 2022"]
[White "Gokerkan, Cem Kaan"]
[Black "Putnam, Liam"]
[WhiteFideId "6336760"]
[BlackFideId "30938279"]
[WhiteElo "2365"]
[BlackElo "2082"]
[Result "1-0"]
[Round "08"]
[TimeControl "180+1"]
[Date "2022.11.09"]
[WhiteClock "0:02:08"]
[BlackClock "0:01:35"]

1. e4 c5 2. c3 Nf6 3. e5 Nd5 4. d4 cxd4 5. Bc4 Nb6 6. Bb3 Nc6 7. cxd4 d6 8. e6 fxe6 9. Nc3 e5 10. dxe5 Nxe5 11. Nf3 Bg4 12. Nxe5 dxe5 13. Qxg4 Qd6 14. O-O g6 15. Rd1 Qc6 16. Nd5 Bg7 17. Be3 Nd7 18. Rac1 1-0


[Site "https://www.chess.com"]

[Event "Titled Tuesday Blitz November 08 Early 2022"]
[White "Goltsev, Dmitry"]
[Black "Jeet, Jain"]
[WhiteFideId "24176710"]
[BlackFideId "5073022"]
[WhiteElo "2289"]
[BlackElo "2067"]
[Result "1-0"]
[Round "08"]
[TimeControl "180+1"]
[Date "2022.11.09"]
[WhiteClock "0:00:26"]
[BlackClock "0:00:03"]

1. e4 c6 2. d4 d5 3. Nc3 g6 4. e5 Bg7 5. Nf3 Bg4 6. h3 Bxf3 7. Qxf3 h5 8. Ne2 e6 9. c3 c5 10. Nf4 Nc6 11. Bd3 Nge7 12. Be3 cxd4 13. cxd4 Qa5+ 14. Kf1 Qb4 15. Ne2 Qxb2 16. Rb1 Qa3 17. Bc1 Qxa2 18. Rxb7 a5 19. g4 hxg4 20. hxg4 Rxh1+ 21. Qxh1 Rb8 22. Rxb8+ Nxb8 23. Qh7 Bf8 24. Qh8 Qb3 25. Bh6 Nd7 26. Nf4 Qd1+ 27. Kg2 Qxg4+ 28. Kf1 Qh4 29. Bg7 Qxh8 30. Bxh8 Nc6 31. Ne2 a4 32. Ke1 a3 33. Bb1 Nb4 34. Nc3 Bh6 35. Kd1 Nb6 36. Bf6 Nc4 37. Bh4 Nb2+ 38. Ke2 Kd7 39. f3 Kc6 40. Be7 Na6 41. Bxa3 Nc4 42. Be7 Kd7 43. Bf6 Nb4 44. Na4 Nc6 45. Nc5+ Kc7 46. Nb3 Be3 47. Kd3 Nb4+ 48. Kc3 Nc6 49. Bd3 Nb6 50. Bb5 Na7 51. Be8 Nc6 52. Bxf7 Nd8 53. Bxg6 Nd7 54. Kd3 Bh6 55. Be7 Nc6 56. Bc5 Nxc5+ 57. Nxc5 Nd8 58. Bf7 Nxf7 59. Nxe6+ Kc6 60. f4 Kd7 61. f5 Ng5 62. Nf4 Kc6 63. f6 Ne4 64. Ke3 Kd7 65. Kf3 Bxf4 66. Kxf4 Ke6 67. Kg4 Nc3 68. Kg5 Ne4+ 69. Kg6 1-0


[Site "https://www.chess.com"]

[Event "Titled Tuesday Blitz November 08 Early 2022"]
[White "Goncalves, Davi Sulzbacher"]
[Black "Rustemov, Alexander"]
[WhiteFideId "2154510"]
[BlackFideId "4119002"]
[WhiteElo "2182"]
[BlackElo "2658"]
[Result "0-1"]
[Round "08"]
[TimeControl "180+1"]
[Date "2022.11.09"]
[WhiteClock "0:00:01"]
[BlackClock "0:00:09"]

1. e4 e6 2. Qe2 c5 3. Nf3 Nc6 4. b3 d6 5. Bb2 Nf6 6. d4 cxd4 7. Nxd4 Be7 8. Nd2 O-O 9. Nxc6 bxc6 10. e5 dxe5 11. O-O-O Qa5 12. Kb1 Nd5 13. Nc4 Nc3+ 14. Bxc3 Qxc3 15. Qd2 Qxd2 16. Rxd2 f6 17. Be2 Bb4 18. Rd3 e4 19. Rd4 f5 20. Rhd1 Bc5 21. R4d2 Bxf2 22. Ne5 Be3 23. Rd6 c5 24. Bc4 Bf4 25. Rxe6 Bxe6 26. Bxe6+ Kh8 27. Nf7+ Rxf7 28. Bxf7 Bxh2 29. Rh1 Rf8 30. Be6 Bg3 31. Rf1 g6 32. Rd1 Re8 33. Bc4 Re7 34. c3 Kg7 35. Kc2 h5 36. a4 a5 37. Be2 Kf6 38. Rd5 Rc7 39. Kd1 h4 40. Bc4 Be5 41. Kd2 g5 42. Bb5 g4 43. Bf1 Ke6 44. Bc4 Rd7 45. Rd3+ Ke7 46. Rxd7+ Kxd7 47. Bb5+ Ke6 48. Ke2 Bxc3 49. Ba6 Ke5 50. Bc8 Kf4 51. Kf2 Bd4+ 52. Kf1 h3 53. gxh3 gxh3 54. Bd7 e3 55. Bc6 Kg3 56. Ke2 f4 57. Bd5 Bc3 58. Bc6 Bb4 59. Bd5 h2 60. Bc6 Kg4 61. Bh1 Kf5 62. Kd3 Ke5 0-1


[Site "https://www.chess.com"]

[Event "Titled Tuesday Blitz November 08 Early 2022"]
[White "Gonzalez, Francisco Silva"]
[Black "Johnson, Ben"]
[WhiteFideId "1512285"]
[BlackFideId "2010917"]
[WhiteElo "2159"]
[BlackElo "2144"]
[Result "1-0"]
[Round "08"]
[TimeControl "180+1"]
[Date "2022.11.09"]
[WhiteClock "0:01:28"]
[BlackClock "0:00:02"]

1. d4 Nf6 2. c4 e6 3. Nc3 Bb4 4. a3 Bxc3+ 5. bxc3 O-O 6. e3 d5 7. Bd3 c5 8. Ne2 Nc6 9. cxd5 exd5 10. f3 Re8 11. O-O b6 12. Rb1 Be6 13. Qe1 Nd7 14. Qf2 Nf8 15. e4 cxd4 16. cxd4 Na5 17. e5 Rc8 18. f4 f5 19. exf6 Qxf6 20. f5 Bf7 21. g4 h6 22. h4 Nc4 23. g5 hxg5 24. hxg5 Rxe2 25. Bxe2 Qd6 26. g6 Be8 27. Rb4 Bd7 28. Bf4 Qf6 29. Bc1 b5 30. a4 a6 31. axb5 axb5 32. Qf4 Re8 33. Bf3 Bc6 34. Rxb5 Bxb5 35. Bxd5+ Ne6 36. fxe6 Qxf4 37. Bxf4 Nb6 38. Ba2 Bxf1 39. Kxf1 Rf8 40. e7+ Kh8 41. exf8=R# 1-0


[Site "https://www.chess.com"]

[Event "Titled Tuesday Blitz November 08 Early 2022"]
[White "Gonzalez Vega, Alejandro"]
[Black "Orzech, Dominik"]
[WhiteFideId "3510042"]
[BlackFideId "1115065"]
[WhiteElo "2296"]
[BlackElo "2272"]
[Result "0-1"]
[Round "08"]
[TimeControl "180+1"]
[Date "2022.11.09"]
[WhiteClock "0:00:15"]
[BlackClock "0:00:07"]

1. e4 c6 2. d4 d5 3. exd5 cxd5 4. Bd3 Nf6 5. c3 Nc6 6. Bf4 Bg4 7. Qb3 Qc8 8. Nd2 e6 9. Ngf3 Be7 10. O-O O-O 11. Rfe1 a6 12. h3 Bh5 13. Ne5 Nxe5 14. Bxe5 Bg6 15. Bxg6 hxg6 16. a4 Nd7 17. Bg3 Qc6 18. a5 Rfc8 19. Bf4 b5 20. axb6 Nxb6 21. Ra5 Bd8 22. Rc5 Qd7 23. Rxc8 Rxc8 24. Ra1 Qb5 25. Qa2 Ra8 26. Qb3 Qe2 27. Be3 a5 28. Qd1 Qd3 29. Nb3 Qb5 30. Qc2 Nc4 31. Bc1 Be7 32. Nd2 Nb6 33. b3 Rc8 34. Ba3 Bb4 35. Bb2 Qe2 36. Rc1 Be7 37. Nf3 Qb5 38. Qd2 a4 39. bxa4 Nxa4 40. Ba1 Ba3 41. Rd1 Qb3 42. Ne5 Nxc3 43. Bxc3 Rxc3 44. Qf4 Rc7 45. Re1 Bd6 46. Re3 Qb1+ 47. Kh2 Qf5 48. Qxf5 gxf5 49. f4 f6 50. Nd3 Rc3 51. Nf2 Bxf4+ 0-1


[Site "https://www.chess.com"]

[Event "Titled Tuesday Blitz November 08 Early 2022"]
[White "Goroshkov, Maksym"]
[Black "Shimanov, Aleksandr"]
[WhiteFideId "14142716"]
[BlackFideId "4198603"]
[WhiteElo "2257"]
[BlackElo "2605"]
[Result "0-1"]
[Round "08"]
[TimeControl "180+1"]
[Date "2022.11.09"]
[WhiteClock "0:00:06"]
[BlackClock "0:00:05"]

1. e4 e6 2. d4 d5 3. exd5 Qxd5 4. c4 Qd8 5. Nc3 Nf6 6. Nf3 b6 7. Be2 Bb7 8. O-O Be7 9. Ne5 O-O 10. Bf3 Qc8 11. Bg5 Re8 12. Qe2 c5 13. Bxf6 Bxf6 14. Ne4 Be7 15. d5 exd5 16. cxd5 Bxd5 17. Rad1 Bb7 18. Bg4 Qc7 19. Nxf7 Kxf7 20. Be6+ Kf8 21. Qh5 Bf6 22. Nxf6 gxf6 23. Rd7 Qxd7 24. Bxd7 Nxd7 25. Qxh7 Re7 26. Qh8+ Kf7 27. Qh7+ Ke8 28. Qh8+ Nf8 29. Qxf6 Rd8 30. h4 Rd4 31. h5 Re6 32. Qf5 Rd5 33. Qg4 Kf7 34. Qf4+ Rf6 35. Qc7+ Rd7 36. Qg3 Bd5 37. f3 Be6 38. Re1 Re7 39. Qd6 Nh7 40. Qe5 Rf5 41. Qh2 Nf6 42. h6 Rh5 43. Qf4 Rf5 44. Qh4 Rh5 45. Qf4 Kg6 46. g4 Rd5 47. h7 Nxh7 48. Qa4 Kf7 49. f4 Rd4 50. Qc2 Nf8 51. f5 Bd5 52. Rxe7+ Kxe7 53. g5 Rg4+ 54. Kf1 Rxg5 55. Qe2+ Kf6 56. Qe8 Rxf5+ 57. Kg1 Ne6 58. Qb8 c4 59. Qxa7 b5 60. Qb6 Be4 61. Qb8 Re5 62. Qh8+ Kf5 63. Qh5+ Kf4 64. Qh2+ Kf5 65. Qh5+ Ng5 66. Kf2 Rd5 67. Qe8 Kf4 68. Qf8+ Rf5 69. Qd6+ Kg4+ 70. Ke3 Bd3 71. Qd7 Nf3 72. Qg7+ Ng5 73. Qd7 Kg3 74. Qd6+ Kg2 75. Qc6+ Ne4 76. Kd4 Kf3 77. Qg6 Rf4 78. Qh5+ Kf2 79. Qh2+ Kf3 80. Ke5 Ng3 81. Qd2 Ne2 82. a4 bxa4 83. Kd5 Re4 84. Kc5 Nf4 85. Qd1+ Re2 86. Qh1+ Ke3 87. Qg1+ Ke4 88. Qd4+ Kf5 89. Kd6 Ne6 90. Qd5+ Kf6 91. Qd4+ Nxd4 0-1


[Site "https://www.chess.com"]

[Event "Titled Tuesday Blitz November 08 Early 2022"]
[White "Goryachkina, Aleksandra"]
[Black "Ilkhomi, Jaloliddin"]
[WhiteFideId "4147103"]
[BlackFideId "14700948"]
[WhiteElo "2484"]
[BlackElo "2045"]
[Result "1-0"]
[Round "08"]
[TimeControl "180+1"]
[Date "2022.11.09"]
[WhiteClock "0:00:08"]
[BlackClock "0:00:05"]

1. e4 e6 2. d4 d5 3. Nc3 Bb4 4. exd5 exd5 5. Bd3 Ne7 6. Ne2 O-O 7. O-O Nbc6 8. a3 Bd6 9. Ng3 f5 10. Nge2 Be6 11. Bf4 a6 12. Qd2 Ng6 13. Bxd6 Qxd6 14. Rfe1 Rae8 15. Na4 f4 16. Bxg6 hxg6 17. f3 g5 18. Nc5 Bc8 19. Nc3 b6 20. Nb3 Bf5 21. Rxe8 Rxe8 22. Nc1 Re3 23. N1e2 g4 24. fxg4 Bxg4 25. Nxf4 Re8 26. Nfxd5 Be6 27. Nf4 Nxd4 28. Rd1 c5 29. Nxe6 Rxe6 30. Qf2 Qe5 31. Rf1 Qe3 32. Qxe3 Rxe3 33. Kf2 Re5 34. Rc1 Rf5+ 35. Ke3 Re5+ 36. Kd3 b5 37. Ne4 Rd5 38. Ke3 Nf5+ 39. Kf4 Kf7 40. b4 c4 41. Nc3 Rd4+ 42. Kxf5 Rd2 43. Ne4 Rxg2 44. h4 Rh2 45. Kg4 g6 46. Ng5+ Kg7 47. Nf3 Rf2 48. Kf4 Re2 49. c3 Kf6 50. Nd4 Rh2 51. Kg3 Ra2 52. Re1 Rxa3 53. Re3 a5 54. Nxb5 Ra4 55. bxa5 Rxa5 56. Nd6 Ra3 57. Nxc4 Rb3 58. Nd6 g5 59. Ne4+ Kf5 60. Nxg5 Rb1 61. Nf3 Kg6 62. Kf4 Rh1 63. Ke4 Rc1 64. Kd4 Kf5 65. c4 Rd1+ 66. Rd3 Rc1 67. c5 Ke6 68. Rc3 Rd1+ 69. Ke4 Kd7 70. Kf4 Kc6 71. Ne5+ Kc7 72. c6 Rh1 73. Kg5 Re1 74. Ng4 Rc1 75. Rxc1 Kd6 76. h5 Ke7 77. h6 Ke6 78. h7 Kd5 79. h8=Q Ke4 80. Qe5+ Kf3 81. Rf1+ Kg2 82. Qh2+ Kxf1 83. Qf2# 1-0


[Site "https://www.chess.com"]

[Event "Titled Tuesday Blitz November 08 Early 2022"]
[White "Gritsenko, Nikolai"]
[Black "Baches Garcia, Guillermo"]
[WhiteFideId "14112493"]
[BlackFideId "2209764"]
[WhiteElo "2389"]
[BlackElo "2460"]
[Result "1-0"]
[Round "08"]
[TimeControl "180+1"]
[Date "2022.11.09"]
[WhiteClock "0:00:32"]
[BlackClock "0:00:18"]

1. b3 d5 2. Bb2 Bf5 3. Nf3 e6 4. e3 h6 5. c4 c6 6. Nc3 Nf6 7. d4 Nbd7 8. Bd3 Bxd3 9. Qxd3 Bd6 10. O-O O-O 11. Rfe1 Qe7 12. e4 dxe4 13. Nxe4 Ba3 14. Bc3 Bb4 15. Ned2 Bxc3 16. Qxc3 Rfd8 17. h3 Rac8 18. Rad1 Qd6 19. Nf1 b6 20. Ne3 Qc7 21. Qc2 c5 22. d5 exd5 23. Nf5 d4 24. Ne7+ Kf8 25. Nxc8 Rxc8 26. Rd2 Qd6 27. Qd3 g6 28. g3 Re8 29. Rxe8+ Nxe8 30. Re2 Nef6 31. Qd2 Kg7 32. Qd3 Nf8 33. Ne5 Ne6 34. h4 h5 35. Qf3 Nf8 36. Qc6 Qe7 37. Kf1 Qd8 38. Nd3 N8d7 39. a3 Qb8 40. Re7 Kf8 41. Rxd7 Qe8 42. Qxf6 1-0


[Site "https://www.chess.com"]

[Event "Titled Tuesday Blitz November 08 Early 2022"]
[White "Guimaraes, Wagner Peixoto"]
[Black "Mills, Morgen"]
[WhiteFideId "2100940"]
[BlackFideId "2013304"]
[WhiteElo "2231"]
[BlackElo "2279"]
[Result "1-0"]
[Round "08"]
[TimeControl "180+1"]
[Date "2022.11.09"]
[WhiteClock "0:00:20"]
[BlackClock "0:00:03"]

1. d4 d5 2. c4 e6 3. Nc3 a6 4. cxd5 exd5 5. Nf3 Nf6 6. e3 c6 7. Qc2 Bd6 8. Be2 Qe7 9. O-O g6 10. Bd3 O-O 11. e4 dxe4 12. Nxe4 Nxe4 13. Bxe4 Re8 14. Bd3 Bg4 15. Ne5 Bxe5 16. dxe5 Qxe5 17. Bd2 Nd7 18. Bc3 Qc5 19. Qd2 Ne5 20. Bc2 Rad8 21. Qh6 Qf8 22. Qh4 Be2 23. Rfe1 Nd7 24. Qd4 f6 25. Rxe2 Ne5 26. Qf4 g5 27. Qf5 Qg7 28. Rae1 Rf8 29. Qe6+ Kh8 30. Rxe5 fxe5 31. Bxe5 1-0


[Site "https://www.chess.com"]

[Event "Titled Tuesday Blitz November 08 Early 2022"]
[White "Gurevich, Dmitry"]
[Black "Crevatin, Leo"]
[WhiteFideId "2000407"]
[BlackFideId "1726307"]
[WhiteElo "2506"]
[BlackElo "2208"]
[Result "0-1"]
[Round "08"]
[TimeControl "180+1"]
[Date "2022.11.09"]
[WhiteClock "0:00:08"]
[BlackClock "0:00:23"]

1. d4 Nf6 2. c4 e6 3. Nc3 Bb4 4. a3 Bxc3+ 5. bxc3 c6 6. e3 d5 7. Nf3 b6 8. Bd3 Ba6 9. Qe2 Nbd7 10. O-O O-O 11. a4 Qc7 12. Ba3 Rfc8 13. Nd2 c5 14. cxd5 Bxd3 15. Qxd3 exd5 16. Rfc1 c4 17. Qf5 Re8 18. Re1 g6 19. Qh3 Ne4 20. Nxe4 Rxe4 21. f3 Re6 22. e4 dxe4 23. fxe4 Nf6 24. d5 Rxe4 25. d6 Qc8 26. Qf3 Qe6 27. Rxe4 Nxe4 28. Re1 f5 29. Qe3 Qd5 30. g4 Nxd6 31. Qf4 Ne4 32. gxf5 gxf5 33. Qf3 Kh8 34. Rf1 Rg8+ 35. Kh1 h6 36. Bc1 Kh7 37. Be3 Nxc3 38. Qxd5 Nxd5 39. Bd4 Rf8 40. Re1 Rf7 41. Re8 Rc7 42. Rd8 Nb4 43. Rh8+ Kg6 44. Rg8+ Kh5 45. Rg3 Nd5 46. Rh3+ Kg6 47. Rg3+ Kh7 48. Rf3 c3 49. Rxf5 c2 0-1


[Site "https://www.chess.com"]

[Event "Titled Tuesday Blitz November 08 Early 2022"]
[White "Harsha Bharathakoti"]
[Black "Harsh Suresh"]
[WhiteFideId "5078776"]
[BlackFideId "45018464"]
[WhiteElo "2523"]
[BlackElo "2227"]
[Result "1/2-1/2"]
[Round "08"]
[TimeControl "180+1"]
[Date "2022.11.08"]
[WhiteClock "0:00:02"]
[BlackClock "0:00:04"]

1. c4 g6 2. Nc3 Bg7 3. e4 c5 4. g3 Nc6 5. Bg2 h5 6. h3 d6 7. Nge2 Be6 8. d3 Qc8 9. Nd5 Nf6 10. Rb1 Bd7 11. Bg5 Nxd5 12. exd5 Nd4 13. Nxd4 Bxd4 14. h4 b5 15. O-O f6 16. Bd2 O-O 17. Re1 Rf7 18. Be3 Bxe3 19. Rxe3 Qa6 20. Qb3 Qa4 21. Qxa4 bxa4 22. Kf1 Rb8 23. Ke1 Rg7 24. Kd2 Kf7 25. Bf3 Rb7 26. Kc3 Rg8 27. Rbe1 Bf5 28. Bd1 a3 29. bxa3 Rgb8 30. Ba4 Kf8 31. R3e2 Bd7 32. Bc2 Bf5 33. f3 Kf7 34. Ba4 Kf8 35. Bc6 Rc7 36. a4 Rb4 37. a3 Rb8 38. a5 Kf7 39. a6 Rb6 40. Bb7 Kf8 41. Rb2 Rxb2 42. Kxb2 Bxd3 43. Kc3 Bf5 44. Re2 Kf7 45. Bc6 Bc8 46. Bb5 g5 47. Rh2 Kg6 48. Kd3 e5 49. dxe6 Bxe6 50. Re2 Re7 51. Kc3 Kf7 52. Bc6 g4 53. f4 Bf5 54. Bd5+ Kf8 55. Rb2 Re3+ 56. Kd2 Rxg3 57. Rb8+ Kg7 58. Rb7+ Kg6 59. Rxa7 Rxa3 60. Ra8 Bd7 61. a7 Kf5 62. Kc2 g3 63. Kb2 Ra4 64. Kb3 Rb4+ 65. Kc3 Ra4 66. Kb3 Kxf4 67. Kb2 f5 68. Kb3 Rb4+ 69. Ka3 Ra4+ 70. Kb3 Ra5 71. Kb2 Ra4 72. Kb3 1/2-1/2


[Site "https://www.chess.com"]

[Event "Titled Tuesday Blitz November 08 Early 2022"]
[White "Hart, Braeden"]
[Black "Mendez Fortes, Eduardo Jesus"]
[WhiteFideId "30962587"]
[BlackFideId "3502376"]
[WhiteElo "2424"]
[BlackElo "2307"]
[Result "1-0"]
[Round "08"]
[TimeControl "180+1"]
[Date "2022.11.09"]
[WhiteClock "0:00:42"]
[BlackClock "0:00:20"]

1. e4 e5 2. Nf3 Nc6 3. Nc3 Nf6 4. Nxe5 Nxe5 5. d4 Nc6 6. d5 Bb4 7. dxc6 dxc6 8. Qxd8+ Kxd8 9. Bg5 Be7 10. Bc4 Ke8 11. O-O-O Ng4 12. Bxe7 Kxe7 13. Rd2 Ne5 14. Be2 a6 15. f4 Ng6 16. g3 Bd7 17. Rhd1 Rad8 18. Na4 b6 19. Bxa6 c5 20. Nc3 Bc6 21. Rxd8 Rxd8 22. Rxd8 Kxd8 23. Bc4 Ke7 24. Kd2 f6 25. Ke3 Nf8 26. Nd5+ Bxd5 27. Bxd5 Kd6 28. Bg8 h6 29. c3 b5 30. b4 c4 31. Kd4 Nd7 32. a4 bxa4 33. Kxc4 g5 34. Kb5 a3 35. Ka4 Nb6+ 36. Kxa3 c5 37. bxc5+ Kxc5 38. Be6 Na8 39. Kb3 Nc7 40. Bf7 Nb5 41. e5 fxe5 42. fxe5 Na7 43. e6 Kd6 44. c4 Nc6 45. Ka4 g4 46. Kb5 Nd4+ 47. Kb6 Nb3 48. Bh5 Kxe6 49. Bxg4+ Kd6 50. Bd1 Nc5 51. g4 Ne4 52. h4 Nc5 53. Bf3 Nd7+ 54. Kb5 Nc5 55. g5 hxg5 56. hxg5 Ne6 57. g6 Ke5 58. c5 Kf6 59. Be4 Nd4+ 60. Kb6 Ne6 61. c6 1-0


[Site "https://www.chess.com"]

[Event "Titled Tuesday Blitz November 08 Early 2022"]
[White "Horobetz, Graham"]
[Black "Artemenko, Oleg"]
[WhiteFideId "2047322"]
[BlackFideId "14201798"]
[WhiteElo "2599"]
[BlackElo "2287"]
[Result "1/2-1/2"]
[Round "08"]
[TimeControl "180+1"]
[Date "2022.11.09"]
[WhiteClock "0:00:08"]
[BlackClock "0:00:53"]

1. e4 e6 2. d4 d5 3. Nd2 Nf6 4. e5 Nfd7 5. f4 c5 6. c3 Nc6 7. Ndf3 Qb6 8. Ne2 f6 9. g3 fxe5 10. fxe5 cxd4 11. cxd4 Bb4+ 12. Bd2 O-O 13. Bg2 Qa5 14. a3 Bxd2+ 15. Qxd2 Qxd2+ 16. Kxd2 Nb6 17. b3 Bd7 18. h4 Rf5 19. Nf4 Raf8 20. Ke3 Nd8 21. Bh3 R5f7 22. Rac1 a5 23. a4 h6 24. Rc7 Bc6 25. Rxf7 Kxf7 26. h5 Nc8 27. Ng6 Re8 28. Ne1 Ne7 29. Rf1+ Kg8 30. Nd3 Nxg6 31. hxg6 Rf8 32. Nf4 Re8 33. Rc1 Kf8 34. Rf1 Ke7 35. Kf3 Rh8 36. Kg4 Be8 37. Kh5 Rf8 38. Rc1 Bc6 39. Rf1 Be8 40. Rb1 b6 41. b4 Bxa4 42. bxa5 bxa5 43. Ra1 Bd7 44. Rxa5 Nc6 45. Ra4 Nxe5 46. Ra7 Nc6 47. Rxd7+ Kxd7 48. Nxe6 Rg8 49. Nxg7+ Ke7 50. Kxh6 Rh8+ 51. Kg5 Rxh3 52. Nf5+ Kf8 53. Kf6 Kg8 54. Ke6 Rh5 55. g4 Rg5 56. Kf6 Rxf5+ 57. gxf5 Nxd4 58. Ke5 Nxf5 59. Kxf5 Kg7 60. Ke5 Kxg6 61. Kxd5 1/2-1/2


[Site "https://www.chess.com"]

[Event "Titled Tuesday Blitz November 08 Early 2022"]
[White "Howell, David W L"]
[Black "Kaasen, Tor Fredrik"]
[WhiteFideId "410608"]
[BlackFideId "1516647"]
[WhiteElo "2567"]
[BlackElo "2345"]
[Result "1-0"]
[Round "08"]
[TimeControl "180+1"]
[Date "2022.11.08"]
[WhiteClock "0:00:10"]
[BlackClock "0:00:07"]

1. d4 Nf6 2. Nf3 g6 3. Nbd2 d5 4. b4 Bg7 5. Bb2 O-O 6. e3 a5 7. b5 c5 8. bxc6 Nxc6 9. a4 Bf5 10. c3 Re8 11. Bb5 Nd7 12. Qb3 e6 13. O-O Na7 14. Be2 Qb6 15. Ba3 Qxb3 16. Nxb3 Nc6 17. Nfd2 h5 18. g3 Rec8 19. Kg2 Bf8 20. Rfc1 Kg7 21. h3 Bxa3 22. Rxa3 g5 23. Bxh5 Rh8 24. Bg4 Bxg4 25. hxg4 Nf6 26. f3 e5 27. Nc5 b6 28. Nd3 Rae8 29. Re1 Re6 30. Rb3 e4 31. Nf2 exf3+ 32. Nxf3 Kg6 33. Rxb6 Nxd4 34. Rxe6 Nxe6 35. Ne5+ Kg7 36. Rb1 Rc8 37. Rb7 Nd8 38. Rb3 Nc6 39. Nf3 Kg6 40. Kf1 Ne4 41. Nxe4 dxe4 42. Nd4 Ne5 43. Rb6+ f6 44. Nb5 Nxg4 45. Ke2 Rh8 46. Nd6 Rh2+ 47. Ke1 Nxe3 48. Nxe4 Kf5 49. Nf2 Ng4 50. Rb5+ Ne5 51. Kf1 Rh8 52. Rxa5 Rc8 53. Nd1 Rd8 54. Ke2 Ke4 55. Rb5 Nc4 56. Rb4 Rd2+ 57. Ke1 Kd5 58. Rxc4 Rxd1+ 59. Kxd1 Kxc4 60. Ke2 Kc5 61. g4 Kb6 62. Ke3 Ka5 63. Ke4 Kxa4 64. Kf5 Kb3 65. Kxf6 Kxc3 66. Kxg5 Kd4 67. Kf6 1-0


[Site "https://www.chess.com"]